Map: Terraform LE (Void)

Players

wabbajack - Winner!

  • Race: Zerg Zerg
  • League: Grandmaster

neurot

  • Race: Zerg Zerg
  • League: Grandmaster

VOD

Have the link to the VOD?

Description

Time

  • Played on: July 15, 2015, 11:06 p.m.
  • Length: 5:16
Show
View Real Time Build Order
Export as new Build Order

wabbajack Zerg - Winner!

Build Orders: Hatch First 

Get SALT Encoding   

  12  0:01  Drone  
  13  0:13  Overlord  
  13  0:17  Drone  
  14  0:25  Drone, Extractor  
  15  0:35  Drone  
  16  0:43  Drone  
  17  0:56  Hatchery  
  16  0:58  Extractor  
  16  1:00  Drone  
  16  1:03  Drone  
  17  1:18  Spawning Pool  
  16  1:24  Drone  
  16  1:25  Drone  
  18  1:42  Drone, Overlord  
  19  1:57  Drone  
  20  2:05  Queen  
  20  2:07  Queen  
  20  2:08  Metabolic Boost  
  24  2:16  Zergling x2  
  24  2:17  Drone x2  
  24  2:21  Drone  
  28  2:24  Drone  
  28  2:29  Drone  
  30  2:37  Roach Warren  
  29  2:47  Overlord x2  
  29  3:01  Overlord  
  29  3:20  Roach x5  
  29  3:21  Roach x2  
  43  3:40  Roach  
  43  3:41  Roach x2  
  49  3:42  Roach  
  51  3:52  Overlord x2  
  51  4:03  Spine Crawler, Queen  
  52  4:24  Zergling x14  
  53  4:25  Zergling x8  
  63  4:44  Overlord  
  63  4:45  Zergling x2  
  64  4:46  Zergling x8  
Show
View Real Time Build Order
Export as new Build Order

neurot Zerg 

Build Orders: Hatch First 

Get SALT Encoding   

  12  0:01  Drone  
  13  0:13  Overlord  
  13  0:17  Drone  
  14  0:31  Drone  
  14  0:32  Drone  
  14  0:35  Drone  
  17  0:54  Hatchery  
  17  0:56  Drone  
  17  0:59  Drone  
  18  1:14  Spawning Pool  
  18  1:16  Drone  
  18  1:19  Extractor  
  18  1:21  Drone  
  18  1:29  Drone  
  19  1:42  Drone  
  20  1:50  Overlord  
  20  2:00  Queen  
  22  2:06  Queen  
  24  2:15  Roach Warren  
  24  2:17  Drone  
  24  2:18  Drone x2  
  24  2:21  Drone, Extractor  
  26  2:37  Lair  
  26  2:53  Overlord x2  
  26  2:59  Roach x3  
  32  3:27  Drone x4  
  36  3:39  Drone, Hydralisk Den  
  36  3:44  Drone x2, Extractor  
  36  3:45  Drone x2, Extractor  
  38  3:49  Spine Crawler  
  38  3:52  Drone  
  38  4:14  Overlord  
  38  4:17  Hydralisk x2  
  43  4:24  Drone x4  
  43  4:28  Drone  
  43  4:29  Drone  
  48  4:51  Hydralisk x4  
Tags
 
Add a new tag
Caveats
  • Supply blocks, unpowered buildings, or Contaminate may cause inaccurate times.
  • Supply counts are checked every 10 seconds.